Description

Early pressure and hellbat timing hit

Replay - Catalyst LE (TvZ) Mech SALTKING

Build Order

Get SALT Encoding   

  12  0:00  SCV  
  13  0:12  SCV  
  14  0:17  Supply Depot  
  14  0:25  SCV  
  15  0:31  Refinery  
  15  0:39  SCV  
  16  0:47  Barracks  
  16  0:51  SCV  
  17  1:03  SCV  
  18  1:15  SCV  
  20  1:34  Reaper, Orbital Command  
  20  1:46  Command Center  
  20  1:56  Factory  
  20  1:59  SCV  
  21  2:08  Barracks Reactor  
  21  2:13  SCV  
  21  2:14  Refinery  
  22  2:15  Supply Depot  
  22  2:25  SCV  
  24  2:44  Factory  
  24  2:51  Hellion x2  
  28  2:53  Barracks Reactor  
  29  2:58  Orbital Command  
  29  3:12  Hellion x2  
  34  3:17  Supply Depot  
  37  3:37  Cyclone x2  
  45  3:48  Cyclone  
  45  3:54  Supply Depot  
  50  4:05  Cyclone  
  54  4:16  Supply Depot  
  55  4:23  Hellion x2  
  60  4:26  Armory  
  61  4:38  Hellion x2  
  67  4:49  Cyclone  
  67  4:50  Hellion  
  74  5:00  Refinery x2  
  74  5:06  Cyclone  
  79  5:14  Hellion  
  81  5:21  Cyclone  
  90  5:44  Armory x2  
  91  5:54  Command Center  
  95  6:17  Factory x2  
  99  6:18  Cyclone x2  
  107  6:35  Factory  
Spawning Tool Build Advisor. Get it on Overwolf

Go to:

Details

  • Created by: silverhorn  
  • Published on: Jul 17, 2018
  • Modified on: Aug 04, 2018
  • Patch: 4.0.0
Show
View Real Time Build Order
Export as new Build Order

Comments (0)

There are no comments. Be the first!

Create an account to comment!